cohdb
Replays
Latest Replays
All Replays
Popular Replays
Top Player Replays
Match Explorer
How It Works
Community
CoH3 Stats
Reddit
Sign in to upload your games and track your stats! →
Sign in with Steam
Match 42068259
Unlisted
Match 42068259
Overview
Messages
Build Orders
End
Royal Engineer Section
Construct Section Command Post
Selects Heavy Armor Battlegroup
Infantry Section
Infantry Section
Infantry Section
Construct Platoon Command Post
Selects Rigorous Vehicle Training
Humber Armored Car
Infantry Training
Unlock M3 Stuart Light Tanks
Selects Light Vehicle Withdraw and Refit
Construct Field Infirmary
M3 Stuart Light Tank
Selects Radio Net
M3 Stuart Light Tank
Light Vehicle Withdraw and Refit
M3 Stuart Light Tank
Warheads
(502) Bad Gateway
0
0
Comments
sign in to comment!
No comments posted yet!